 Dungeon Crawl Stone Soup version 0.18-a0-1211-g828307d (webtiles) character file.

10 ololoev the Firebug (level 2, 8/15 HPs)
             Began as a Deep Elf Fire Elementalist on Feb 2, 2016.
             Was a Believer of Lugonu.
             Quit the game on level 2 of the Dungeon.
             The game lasted 00:01:30 (205 turns).

ololoev the Firebug (Deep Elf Fire Elementalist)     Turns: 205, Time: 00:01:30

Health: 8/15       AC:  2    Str:  5    XL:     2   Next: 10%
Magic:  0/8        EV: 13    Int: 19    God:    Lugonu [**....]
Gold:   11         SH:  0    Dex: 15    Spells: 1 memorised, 6 levels left

rFire  . . .     SeeInvis .     k - +1 spear (flame)
rCold  . . .     Gourm    .     a - +0 robe
rNeg   . . .     Faith    .     (no shield)
rPois  .         Spirit   .     (no helmet)
rElec  .         Dismiss  .     (no cloak)
rCorr  .         Reflect  .     (no gloves)
SustAt .         Harm     .     (no boots)
MR     .....                    (no amulet)
Stlth  ++........               (no ring)
                                (no ring)

@: very slightly contaminated, not resistant to hostile enchantments, unstealthy
A: no striking features
a: Depart the Abyss, Bend Space, Renounce Religion

Inventory:

Hand Weapons
 k - a +1 spear of flaming (weapon)
Armour
 a - a +0 robe (worn)
Scrolls
 e - a scroll of teleportation {unknown}
 o - a scroll of remove curse {unknown}
Potions
 d - 2 potions of flight {unknown}
 f - a potion of might {unknown}
 g - a potion of agility {unknown}
 h - 2 potions of heal wounds {unknown}
 m - a potion of ambrosia {unknown}
 n - a potion of mutation {unknown}
 p - 2 potions of brilliance {unknown}
Books
 b - a book of Flames

   Spells                             Type                      Level
   a - Flame Tongue                   Conjuration/Fire             1
   b - Throw Flame                    Conjuration/Fire             2
   c - Conjure Flame                  Conjuration/Fire             3
   d - Inner Flame                    Hexes/Fire                   3
   e - Sticky Flame                   Conjuration/Fire             4
   f - Fireball                       Conjuration/Fire             5
Comestibles
 c - a bread ration
 i - 2 chunks of flesh
 j - a royal jelly
 l - a meat ration


   Skills:
 - Level 2.4 Dodging
 - Level 2.4 Stealth
 + Level 3.4 Spellcasting
 * Level 1.4 Conjurations
 + Level 3.5 Fire Magic


You had 6 spell levels left.
You knew the following spells:

 Your Spells              Type           Power        Failure   Level  Hunger
a - Flame Tongue          Conj/Fire      ##...        8%          1    None


You were on level 2 of the Dungeon.
You worshipped Lugonu.
Lugonu was pleased with you.
You were not hungry.

You visited 1 branch of the dungeon, and saw 2 of its levels.

You collected 11 gold pieces.

#.# #. #.# ... #.#
#.#######.#########
###.................
..................######
...................$....
#...#..w...........#
#@#.#...........#
#...#..#......$....#
##..........###<...##
............#........
.####........#.#......
.. #........#.#.#.... .
#......#.# #.#....
#......#.# #.#....
####...#.#.#.##.#.

Notes
Turn   | Place    | Note
--------------------------------------------------------------
     0 | D:1      | ololoev the Deep Elf Fire Elementalist began the quest for the Orb.
     0 | D:1      | Reached XP level 1. HP: 10/10 MP: 6/6
   154 | D:2      | Reached XP level 2. HP: 13/15 MP: 6/8
   196 | D:2      | Found a faded altar to an unknown god.
   205 | D:2      | Became a worshipper of Lugonu the Unformed
   205 | D:2      | Reached * piety under Lugonu
   205 | D:2      | Reached ** piety under Lugonu
   205 | D:2      | Quit the game

Dungeon Overview and Level Annotations

Branches:
Dungeon (2/15)

Altars:
Lugonu


Message History

The flame tongue hits the worm.
The worm is heavily wounded.
The worm bites you.
Unknown command.
Found a faded altar to an unknown god.
Casting: Flame Tongue
Confirm with . or Enter, or press ? or * to list all spells.
Aiming: Flame Tongue
Press: ? - help, Shift-Dir - straight line, f/p - worm
Aim: a worm (moderately wounded)
The flame tongue hits the worm.
The worm is severely wounded.
Casting: Flame Tongue
Confirm with . or Enter, or press ? or * to list all spells.
Aiming: Flame Tongue
Press: ? - help, Shift-Dir - straight line, f/p - worm
Aim: a worm (severely wounded)
The flame tongue hits the worm.
The worm appears unharmed.
The worm is severely wounded.
Casting: Flame Tongue
Confirm with . or Enter, or press ? or * to list all spells.
Aiming: Flame Tongue
Press: ? - help, Shift-Dir - straight line, f/p - worm
Aim: a worm (severely wounded)
The flame tongue hits the worm.
The worm appears unharmed.
The worm is severely wounded.
Casting: Flame Tongue
Confirm with . or Enter, or press ? or * to list all spells.
Aiming: Flame Tongue
Press: ? - help, Shift-Dir - straight line, f/p - worm
Aim: a worm (heavily wounded)
The flame tongue hits the worm.
The worm is almost dead.
The worm completely misses you.
There is a faded altar to an unknown god here.
This altar will convert you to a god.
You cannot discern which.
Do you pray? Lugonu accepts your prayer! Lugonu welcomes you!
You can now depart the Abyss.
You can now bend space around yourself.
Are you sure you want to abandon this character and quit the game? (Confirm with "yes".)

You could see a worm.

Vanquished Creatures
  3 jackals (D:1)
  2 kobolds
  A bat (D:2)
  A giant newt (D:2)
  A goblin (D:1)
  3 rats
11 creatures vanquished.

Action                   || total
-------------------------++-------
Melee: Spear             ||     6
 Cast: Flame Tongue      ||    19

Vault maps used:
D:1:      lemuel_arrival_hallway, st_stairs_10, serial_park_tiny_2
D:2:      grunt_temple_overflow_holy_war, nemelex_deck, ecumenical_altar_1,
          minmay_misc_feat_pillars, supply_closet_lemuel, minivault_23,
          uniq_terence, uniq_robin
